[Event "*** Titled Tuesday Blitz"]
[Site "Chess.com"]
[Date "2020.05.19"]
[Round "8"]
[White "MergenKakabaev"]
[Black "RobPeresian"]
[Result "0-1"]
[WhiteElo "2429"]
[BlackElo "2302"]
[TimeControl "180+1"]
[EndTime "13:35:58 PDT"]
[Termination "RobPeresian won by resignation"]

1. e4 e5 2. Nf3 Nc6 3. Bb5 a6 4. Ba4 Nf6 5. O-O b5 6. Bb3 Bc5 7. c3 d6 8. d4 Bb6 9. h3 Bb7 10. Re1 O-O 11. Bc2 Re8 12. Bg5 h6 13. Bh4 g5 14. Bg3 exd4 15. Nxd4 Nxd4 16. cxd4 Bxe4 17. Nc3 Bxc2 18. Qxc2 Qd7 19. d5 Kg7 20. Qd3 Rxe1+ 21. Rxe1 Re8 22. Rxe8 Qxe8 23. Kf1 b4 24. Ne2 Qb5 25.
Qxb5 axb5 26. Nc1 Nxd5 27. Nd3 Kf6 28. Ke2 Ke6 29. Kf3 f5 30. h4 c5 31. hxg5 hxg5 32. Ke2 f4 33. Bh2 c4 34. Ne1 g4 35. Nc2 Bc5 36.
Ke1 Kf5 37. Ke2 Nf6 38. Kf1 d5 39. f3 d4 40. Bg1 Ke5 41. Ke1 Kd5 42. Kd2 g3 43. a3 bxa3 44. bxa3 d3 45. Bxc5 Kxc5 46. Nb4 Nd5 47. Nxd3+ cxd3 48. Kxd3 Ne3 0-1

[Event "*** Titled Tuesday Blitz"]
[Site "Chess.com"]
[Date "2020.05.19"]
[Round "8"]
[White "HouseOfDurin"]
[Black "allvim"]
[Result "0-1"]
[WhiteElo "1975"]
[BlackElo "2245"]
[TimeControl "180+1"]
[EndTime "13:35:58 PDT"]
[Termination "allvim won on time"]

1. d4 Nf6 2. Bg5 d5 3. Bxf6 exf6 4. e3 Bd6 5. c4 c6 6. cxd5 cxd5 7. Nc3 O-O 8. Nxd5 Qa5+ 9. Nc3 Bb4 10. Ne2 Bf5 11. a3 Be7 12. b4 Qd8 13. g3 a5 14.
b5 Nd7 15. Bg2 Rb8 16. Nd5 Bd6 17. O-O Nb6 18. Nec3 Re8 19. Qf3 Bg6 20. h4 Nxd5 21. Qxd5 Rc8 22. Rfc1 Qe7 23. Qxb7 Rc7 24. Qd5 Bxg3 25.
fxg3 Qxe3+ 26. Kh2 Rxc3 27. Rxc3 Qxc3 28. Rf1 Qc2 29.
b6 Be4 0-1

[Event "*** Titled Tuesday Blitz"]
[Site "Chess.com"]
[Date "2020.05.19"]
[Round "8"]
[White "mrkvoz"]
[Black "SaySpade4VIP"]
[Result "1-0"]
[WhiteElo "2824"]
[BlackElo "2700"]
[TimeControl "180+1"]
[EndTime "13:35:59 PDT"]
[Termination "mrkvoz won on time"]

1. e4 c6 2. Nc3 d5 3. d3 e5 4. Qh5 Nf6 5. Qxe5+ Be7 6. exd5 O-O 7.
Qe2 cxd5 8. Qd1 d4 9. Ne4 Nc6 10. Nf3 Bg4 11. Nxf6+ Bxf6 12. Be2 Qb6 13. O-O Rfe8 14. h3 Bh5 15. Nxd4 Bg6 16. Nxc6 bxc6 17. c3 c5 18. Bh5 Bf5 19. Qf3 Bd7 20. Qg3 Rad8 21. Bf3 Bf5 22. Be4 Bxe4 23. dxe4 Rxe4 24. Bg5 Bxg5 25. Qxg5 Rde8 26. b3 h6 27. Qg3 Re2 28. Qd3 Qf6 29. b4 cxb4 30. cxb4 Qb2 31. Qd7 a6 32. a3 R8e6 33. Qd8+ Kh7 34. Qd3+ g6 35. Rad1 h5 36. Qg3 Kg7 37. Rd7 Qf6 38. h4 Ra2 39.
Rd3 Ree2 40. Rf3 Qe6 41. Qf4 Rab2 42. g3 Rbd2 43. Rc1 Re1+ 44. Rxe1 Qxe1+ 45. Kg2 Rd7 46. Qf6+ Kg8 47. Re3 1-0

[Event "*** Titled Tuesday Blitz"]
[Site "Chess.com"]
[Date "2020.05.19"]
[Round "8"]
[White "LuckSlayeer"]
[Black "Bad4life"]
[Result "1-0"]
[WhiteElo "2448"]
[BlackElo "2289"]
[TimeControl "180+1"]
[EndTime "13:35:59 PDT"]
[Termination "LuckSlayeer won by resignation"]

1. e4 c5 2. Nf3 g6 3. d4 cxd4 4. Nxd4 Nc6 5. Nc3 Bg7 6. Be3 Nf6 7. Bc4 O-O 8. Bb3 d6 9. f3 Bd7 10. Qd2 Nxd4 11. Bxd4 b5 12. a4 b4 13. Nd5 Nxd5 14. Bxg7 Kxg7 15. exd5 Qb6 16. h4 h5 17. g4 hxg4 18.
h5 Rh8 19. O-O-O gxf3 20. hxg6 fxg6 21. Qg5 Kf7 22. Rde1 Rxh1 23. Qxe7+ Kg8 24. Rxh1 Bh3 25. Bc4 Qd4 26. Bd3 Qg4 27. Bf1 Rf8 28. Bxh3 Qf4+ 29. Kb1 f2 30. Be6+ Rf7 31. Bxf7+ Qxf7 32. Rh8+ Kxh8 33.
Qxf7 1-0

[Event "*** Titled Tuesday Blitz"]
[Site "Chess.com"]
[Date "2020.05.19"]
[Round "8"]
[White "OparinGrigoriy"]
[Black "Harsha_Bharathakoti"]
[Result "1-0"]
[WhiteElo "2910"]
[BlackElo "2756"]
[TimeControl "180+1"]
[EndTime "13:36:00 PDT"]
[Termination "OparinGrigoriy won on time"]

1. Nf3 d5 2. g3 Nf6 3. Bg2 c5 4. O-O Nc6 5. d4 e6 6. c4 dxc4 7. Qa4 Bd7 8. Qxc4 Rc8 9. Nc3 cxd4 10. Nxd4 Qb6 11. Nxc6 Bxc6 12. Be3 Qa5 13. Rac1 Be7 14. Nb5 O-O 15. Nxa7 Ra8 16. Nxc6 bxc6 17. Bxc6 Rab8 18.
Bd4 Rfc8 19. Qa4 Qh5 20. Bf3 Qg5 21. Rxc8+ Rxc8 22. h4 Qf5 23. b4 e5 24. Be3 e4 25.
Bg2 Nd5 26. Bd2 e3 27. fxe3 Qe5 28. Qd7 Rd8 29. Qf5 Qxg3 30. Qxf7+ Kh8 31. Rf3 Qxh4 32. Rh3 1-0

[Event "*** Titled Tuesday Blitz"]
[Site "Chess.com"]
[Date "2020.05.19"]
[Round "8"]
[White "Gabrielian_Artur"]
[Black "ZEN-22"]
[Result "1-0"]
[WhiteElo "2727"]
[BlackElo "2524"]
[TimeControl "180+1"]
[EndTime "13:36:00 PDT"]
[Termination "Gabrielian_Artur won by resignation"]

1. e4 e5 2. Nc3 Nc6 3. g3 f5 4. exf5 Nf6 5. Bg2 d5 6. g4 e4 7. d3 Bb4 8. g5 Ng8 9. dxe4 Bxc3+ 10. bxc3 dxe4 11. Qh5+ Kf8 12. Ba3+ Nce7 13. Bxe4 Bxf5 14.
Bxf5 Qd5 15. Qf3 Qe5+ 16. Kf1 c5 17. Re1 Qxf5 18. Qxb7 Re8 19. Re3 Qxg5 20. Nf3 Qd5 21. Qxd5 Nxd5 22. Bxc5+ Nge7 23. Rd3 Kf7 24. Rg1 Nf4 25.
Rd7 g6 26. Rxa7 Nd5 27. Ng5+ Kg8 28. Bd4 Nf4 29. Rg4 Nh5 30. Bxh8 Nc6 31. Rc7 Ne7 32.
Re4 Kxh8 33. Rexe7 1-0

[Event "*** Titled Tuesday Blitz"]
[Site "Chess.com"]
[Date "2020.05.19"]
[Round "8"]
[White "Tashik"]
[Black "LiamVrolijk"]
[Result "0-1"]
[WhiteElo "2495"]
[BlackElo "2797"]
[TimeControl "180+1"]
[EndTime "13:36:00 PDT"]
[Termination "LiamVrolijk won on time"]

1. c4 e5 2. Nc3 Nf6 3. Nf3 Nc6 4.
e4 Bb4 5. d3 d6 6. a3 Bc5 7. b4 Bb6 8. Na4 Bg4 9. Be2 Nd7 10.
O-O Nf8 11. Rb1 Ne6 12. g3 O-O 13. Be3 Bh3 14. Re1 Ncd4 15. Nxd4 Bxd4 16. Bg4 Bxg4 17.
Qxg4 a6 18. Rbc1 c6 19. Nc3 b5 20. Kg2 Qd7 21. h3 Qb7 22. f4 Bxe3 23. Rxe3 Nd4 24. f5 f6 25. Qd1 bxc4 26. dxc4 a5 27. b5 cxb5 28. cxb5 Nxf5 29. Rd3 Nd4 30. a4 f5 31. Qe1 Rac8 32. Rcd1 Qf7 33. h4 Kh8 0-1

[Event "*** Titled Tuesday Blitz"]
[Site "Chess.com"]
[Date "2020.05.19"]
[Round "8"]
[White "Quaternitychess"]
[Black "Korchmar_Vasiliy"]
[Result "1-0"]
[WhiteElo "2801"]
[BlackElo "2612"]
[TimeControl "180+1"]
[EndTime "13:36:01 PDT"]
[Termination "Quaternitychess won by resignation"]

1. e4 c5 2. Nf3 d6 3. Nc3 Nc6 4. d4 cxd4 5. Nxd4 Nf6 6. f3 e5 7. Nb3 Be7 8. Be3 O-O 9. Qe2 a5 10. a4 Nb4 11. O-O-O Bd7 12. Qf2 Rc8 13. Bb6 Qe8 14.
Bxa5 d5 15. exd5 Nfxd5 16. Rxd5 Nxd5 17. Nxd5 Bxa4 18. Kb1 Bxb3 19. cxb3 Bc5 20. Qd2 Qe6 21. Bc4 Bd4 22. Bb4 Qg6+ 23. Bd3 Qe6 24. Ne7+ Kh8 25. Nxc8 Rxc8 26. Rc1 Ra8 27. Bc4 Qg6+ 28. Qc2 Qf6 29. Bc3 g6 30. Bxd4 exd4 31. Qe4 1-0

[Event "*** Titled Tuesday Blitz"]
[Site "Chess.com"]
[Date "2020.05.19"]
[Round "8"]
[White "turayev_shahruh17"]
[Black "Quattroporte300"]
[Result "1-0"]
[WhiteElo "2513"]
[BlackElo "2317"]
[TimeControl "180+1"]
[EndTime "13:36:01 PDT"]
[Termination "turayev_shahruh17 won by resignation"]

1. e4 e5 2. Nf3 Nc6 3. Bc4 Bc5 4.
O-O Nf6 5. d4 Bxd4 6. Nxd4 Nxd4 7. Bg5 h6 8. Bh4 d6 9. f4 Qe7 10. Nc3 c6 11. Qd2 Be6 12. fxe5 dxe5 13. Bxe6 Qxe6 14.
Bxf6 gxf6 15. Qf2 Rg8 16. Rad1 Rg6 17. Rd3 O-O-O 18. Ne2 Nxe2+ 19. Qxe2 Rxd3 20. Qxd3 Qg4 21. Rf2 Rg8 22. Rd2 Qe6 23. h3 Qe7 24. Rf2 Rd8 25.
Qf3 Rd6 26. Qf5+ Qd7 27. Qh7 Rd1+ 28. Kh2 Rd2 29. Rxf6 Rxc2 30. Rxf7 Qd8 31. Qf5+ Kb8 32. Rf8 1-0

[Event "*** Titled Tuesday Blitz"]
[Site "Chess.com"]
[Date "2020.05.19"]
[Round "8"]
[White "mamonika"]
[Black "savagemedusa"]
[Result "1-0"]
[WhiteElo "1995"]
[BlackElo "2233"]
[TimeControl "180+1"]
[EndTime "13:36:01 PDT"]
[Termination "mamonika won by checkmate"]

1. e4 c5 2. Nf3 e6 3. d4 cxd4 4.
Nxd4 Nc6 5. Be2 Qc7 6. O-O a6 7.
Be3 Nf6 8. Nd2 Nxd4 9. Bxd4 Bc5 10. c3 e5 11. Bxc5 Qxc5 12. Bc4 O-O 13. Qf3 d6 14. h3 Be6 15. Qd3 Rac8 16. Bxe6 fxe6 17. Nb3 Qc7 18.
Rad1 d5 19. exd5 exd5 20. Rfe1 Rfe8 21. Qf5 Rcd8 22. Re3 Kh8 23. Rde1 e4 24. Nd4 Re5 25. Qf4 Rde8 26. Nf3 R5e7 27. Qxc7 Rxc7 28. Nd4 Nh5 29. Rd1 Nf4 30. Nf5 Rf8 31. Ng3 Rfc8 32. Ne2 Rd7 33. Nxf4 Rcd8 34. Ne2 b5 35. Nd4 b4 36. cxb4 Rb7 37. a3 Rc8 38. Rc3 a5 39. Rxc8# 1-0

[Event "*** Titled Tuesday Blitz"]
[Site "Chess.com"]
[Date "2020.05.19"]
[Round "8"]
[White "FedaMaster"]
[Black "ajdemipopushi"]
[Result "1-0"]
[WhiteElo "2533"]
[BlackElo "2311"]
[TimeControl "180+1"]
[EndTime "13:36:02 PDT"]
[Termination "FedaMaster won on time"]

1. e4 c5 2. Nf3 g6 3. d4 cxd4 4. c3 dxc3 5. Nxc3 Bg7 6. Bc4 Nc6 7. e5 Nxe5 8. Nxe5 Bxe5 9. Bxf7+ Kxf7 10. Qd5+ e6 11.
Qxe5 Qf6 12. Qg3 d5 13. Bg5 Qf5 14. Qc7+ Kf8 15. Qd8+ Kg7 16. Nb5 h6 17. Be3 Qf7 18.
Nc7 Nf6 19. Qd6 Rb8 20. Bxa7 Bd7 21. Bxb8 Rxb8 22. O-O Rc8 23. Rac1 Ne4 24. Qe5+ Qf6 25. Qxf6+ Kxf6 26. Rfd1 Ke7 27. f3 Nd6 28. Re1 1-0

[Event "*** Titled Tuesday Blitz"]
[Site "Chess.com"]
[Date "2020.05.19"]
[Round "8"]
[White "ramses135"]
[Black "Kislov_Oleg"]
[Result "1-0"]
[WhiteElo "2504"]
[BlackElo "2368"]
[TimeControl "180+1"]
[EndTime "13:36:02 PDT"]
[Termination "ramses135 won on time"]

1. b3 e5 2. Bb2 Nc6 3. e3 Nf6 4. Bb5 d6 5. Ne2 Bd7 6. f4 exf4 7. Nxf4 Bg4 8. Be2 Bxe2 9. Qxe2 Be7 10. Nc3 O-O 11.
Ncd5 Ne5 12. O-O c6 13. Nxe7+ Qxe7 14. Nd3 Ne4 15. Nxe5 dxe5 16. d3 Nd6 17. e4 f6 18.
Qe3 b6 19. a4 c5 20. a5 Nb5 21. Qd2 Nd4 22. Ra3 b5 23. Raa1 Rfd8 24. Qf2 a6 25. h3 Rac8 26. Rfd1 Rd7 27. Kh1 Qd8 28. Bc3 c4 29. dxc4 b4 30. Bxb4 Nc6 31. Rxd7 Qxd7 32. Bc3 Rd8 33. Kh2 Nd4 34. Bxd4 exd4 35. Rd1 Qc7+ 36.
Qg3 Qxa5 37. Rd3 Qe5 38. Qxe5 fxe5 39. c3 1-0

[Event "*** Titled Tuesday Blitz"]
[Site "Chess.com"]
[Date "2020.05.19"]
[Round "8"]
[White "Grandelicious"]
[Black "wonderfultime"]
[Result "1-0"]
[WhiteElo "2784"]
[BlackElo "2992"]
[TimeControl "180+1"]
[EndTime "13:36:04 PDT"]
[Termination "Grandelicious won by resignation"]

1. Nf3 Nf6 2. g3 d5 3. Bg2 c6 4. O-O Bg4 5. h3 Bh5 6. c4 e6 7. d4 Nbd7 8. cxd5 exd5 9. Ne5 Be7 10. f4 Nxe5 11. dxe5 Bc5+ 12. Kh2 Nd7 13. g4 Bg6 14. f5 Nxe5 15. Bf4 Bd6 16. fxg6 hxg6 17. Kg1 g5 18.
Bxe5 Bxe5 19. Qb3 Qe7 20. Nd2 O-O 21. e4 d4 22. Nf3 Bc7 23. Kh1 Rad8 24. Qxb7 d3 25.
Rad1 Rfe8 26. Qxc6 Bf4 27. Qc3 Qd6 28. e5 Qd7 29. b4 Re6 30. Rfe1 Rh6 31. e6 fxe6 32. Re4 e5 33. Nxe5 Bxe5 34. Qxe5 d2 35. Qxg5 Rd6 36. Re7 1-0

[Event "*** Titled Tuesday Blitz"]
[Site "Chess.com"]
[Date "2020.05.19"]
[Round "8"]
[White "Shukh_Nikolay"]
[Black "GMALMEIDA"]
[Result "1-0"]
[WhiteElo "2558"]
[BlackElo "2656"]
[TimeControl "180+1"]
[EndTime "13:36:04 PDT"]
[Termination "Shukh_Nikolay won by resignation"]

1. e4 d6 2. d4 Nf6 3. Nc3 c6 4. Be3 Nbd7 5. f3 e5 6. Nge2 h5 7. Qd2 Be7 8. g3 Qc7 9. h4 b5 10. Bh3 Bb7 11. O-O O-O 12. Nd1 d5 13. Nf2 dxe4 14.
Nxe4 Nxe4 15. fxe4 exd4 16. Bxd4 Rad8 17. Qf4 Qxf4 18.
Nxf4 g6 19. e5 c5 20. e6 cxd4 21. exd7 Bc6 22. Nd3 Bxd7 23. Bxd7 Rxd7 24. Rae1 Rc8 25. Rf2 Bd6 26. Kg2 Rdc7 27. Ree2 Kg7 28. Kf3 a5 29. Kg2 a4 30. a3 Re7 31. Rxe7 Bxe7 32. Re2 Bd6 33. Kf3 f6 34. Kg2 Kf7 35. Kf3 g5 36.
hxg5 fxg5 37. g4 h4 38. Kg2 Kf6 39. Rf2+ Ke6 40. Re2+ Kd5 41. Rf2 Rf8 42. Re2 Rf7 43. Rd2 Re7 44. Rf2 Rf7 45. Rxf7 1-0

[Event "*** Titled Tuesday Blitz"]
[Site "Chess.com"]
[Date "2020.05.19"]
[Round "8"]
[White "Piotrek1979"]
[Black "BeanScreen"]
[Result "0-1"]
[WhiteElo "2355"]
[BlackElo "2600"]
[TimeControl "180+1"]
[EndTime "13:36:04 PDT"]
[Termination "BeanScreen won by resignation"]

1. Nf3 d5 2. c4 dxc4 3. Qa4+ Nc6 4. Qxc4 e5 5. d3 Nf6 6. g3 Be6 7. Qc2 Nb4 8. Qa4+ Qd7 9. Qxd7+ Nxd7 10. Na3 Nxa2 11.
Ng5 Bd5 12. e4 Nxc1 13. exd5 Bb4+ 14. Kd1 Nb3 15. Ra2 Nd4 16. Bh3 Nb6 17. Nc2 Nxc2 18.
Kxc2 Nxd5 19. Kb3 Be7 20. Nf3 Bd6 21. Nxe5 O-O 22. Nc4 Bc5 23. f4 Rfe8 24. Bg2 c6 25. Ra5 b6 26. Raa1 Re2 27. Bf3 Rf2 28. Raf1 Rxf1 29.
Rxf1 Re8 30. Ne5 Ne3 31. Bxc6 Rxe5 32. fxe5 Nxf1 33. Kc4 Nxh2 34. d4 Be7 35. Kb5 Nf1 36.
Ka6 Nxg3 37. Kxa7 Bd8 38. Kb7 h5 39. Kc8 Bg5 40. d5 Nf5 41. d6 Bf4 42. d7 Ne7+ 43. Kb7 Nxc6 44. Kxc6 Bg5 45. Kxb6 h4 46. Kc7 h3 47. e6 fxe6 48. b4 h2 49. b5 h1=Q 50. b6 Qc1+ 0-1

[Event "*** Titled Tuesday Blitz"]
[Site "Chess.com"]
[Date "2020.05.19"]
[Round "8"]
[White "MisiekZielony"]
[Black "DanielTitichoca"]
[Result "0-1"]
[WhiteElo "2104"]
[BlackElo "2318"]
[TimeControl "180+1"]
[EndTime "13:36:05 PDT"]
[Termination "DanielTitichoca won on time"]

1. c4 c5 2. Nc3 Nc6 3. g3 g6 4.
Bg2 Bg7 5. e4 d6 6. Nge2 e6 7.
d3 Nge7 8. h4 O-O 9. h5 f5 10.
hxg6 hxg6 11. exf5 Nxf5 12. Ne4 d5 13. Bg5 Qa5+ 14.
Bd2 Qb6 15. cxd5 exd5 16. N4c3 Nb4 17. Nf4 Re8+ 18. Kf1 Qa6 19. Kg1 d4 20. Ncd5 Nxd3 21. Nc7 Qb6 22. Nxe8 Nxf4 23. Bxf4 Bd7 24. Nxg7 Kxg7 25.
Be5+ Kg8 26. Rh8+ Kf7 27. Rxa8 Qxb2 28. Rb1 Qxa2 29. Rxb7 Qe6 30. Rd8 Qxe5 31. Rdxd7+ Kf6 32. Rf7+ Ke6 33. Qb3+ Kd6 34. Qb1 Nxg3 0-1

[Event "*** Titled Tuesday Blitz"]
[Site "Chess.com"]
[Date "2020.05.19"]
[Round "8"]
[White "Salem-AR"]
[Black "fighter2jz"]
[Result "1-0"]
[WhiteElo "3039"]
[BlackElo "2761"]
[TimeControl "180+1"]
[EndTime "13:36:06 PDT"]
[Termination "Salem-AR won by resignation"]

1. d4 Nf6 2. c4 e6 3. Nf3 d5 4.
g3 Be7 5. Bg2 O-O 6. O-O dxc4 7.
Qc2 a6 8. a4 Bd7 9. Qxc4 Bc6 10. Bg5 Nbd7 11. Nc3 Nb6 12. Qd3 h6 13. Bxf6 Bxf6 14.
e4 e5 15. Rfd1 exd4 16. Nxd4 Bxd4 17. Qxd4 Qxd4 18. Rxd4 Rfd8 19. Rad1 Rxd4 20. Rxd4 Kf8 21. f4 Ke7 22. a5 Nd7 23. b4 Rd8 24. Kf2 Nf6 25.
Rxd8 Kxd8 26. Bf3 Ne8 27. Ke3 Nd6 28. Be2 Ke7 29. h4 g6 30. g4 f6 31. Kd4 Nf7 32.
Bc4 Nd6 33. Bd3 Nf7 34. Bc4 Nd6 35. Bb3 h5 36. gxh5 gxh5 37. Bd1 f5 38. e5 Ne8 39. Bxh5 Ng7 40. Be2 Be8 41. Nd5+ Kd8 42. Nf6 Bf7 43.
h5 Ne6+ 44. Ke3 Nf8 45. Bd3 Nd7 46. Nxd7 Kxd7 47. Bxf5+ 1-0

[Event "*** Titled Tuesday Blitz"]
[Site "Chess.com"]
[Date "2020.05.19"]
[Round "8"]
[White "karinachess1"]
[Black "Volodar_Murzin"]
[Result "1-0"]
[WhiteElo "2508"]
[BlackElo "2715"]
[TimeControl "180+1"]
[EndTime "13:36:06 PDT"]
[Termination "karinachess1 won on time"]

1. Nf3 Nf6 2. c4 g6 3. g3 Bg7 4.
Bg2 O-O 5. O-O d6 6. d4 Nbd7 7. Nc3 e5 8. e4 c6 9. h3 Qb6 10. c5 dxc5 11. dxe5 Ne8 12. Bf4 Nc7 13. Na4 Qa6 14.
Re1 Ne6 15. Rc1 Qa5 16. Be3 b6 17. Bf1 b5 18. Nxc5 Ndxc5 19. Bxc5 Nxc5 20. Rxc5 Qxa2 21. Qc2 Be6 22. Rxc6 b4 23. Qd2 a5 24. Ng5 Rad8 25. Qe2 Bxe5 26. Nxe6 f6 27. Nxf8 1-0

[Event "*** Titled Tuesday Blitz"]
[Site "Chess.com"]
[Date "2020.05.19"]
[Round "8"]
[White "AlexTruskavetsky"]
[Black "AnnaChessLook"]
[Result "1-0"]
[WhiteElo "2450"]
[BlackElo "2229"]
[TimeControl "180+1"]
[EndTime "13:36:06 PDT"]
[Termination "AlexTruskavetsky won by resignation"]

1. d4 Nf6 2. Bg5 Ne4 3. Bf4 c5 4. f3 Qa5+ 5. c3 Nf6 6. d5 Qb6 7. Qd2 g6 8. e4 d6 9. c4 Bg7 10. Nc3 O-O 11. Bd3 e6 12. Nge2 exd5 13. exd5 Na6 14.
O-O Nb4 15. Bb1 Re8 16. Nb5 Rd8 17. a4 a5 18. Nec3 Ne8 19. Re1 Bd7 20. Re2 Bxb5 21.
Nxb5 Nc7 22. Nc3 Re8 23. Be4 Re7 24. Rae1 Rae8 25. h4 Nba6 26. h5 f5 27. Bd3 Bf6 28.
hxg6 hxg6 29. Rxe7 Rxe7 30. Rxe7 Bxe7 31. g4 Nb4 32.
Bb1 Ne8 33. gxf5 gxf5 34. Bxf5 Qd8 35. Be6+ Kh8 36. Qh2+ Bh4 37. Bg3 Qg5 38. Qxh4+ Qxh4 39. Bxh4 Kg7 40. Be7 Nf6 41. Bxd6 Nd3 42. Ne4 1-0

[Event "*** Titled Tuesday Blitz"]
[Site "Chess.com"]
[Date "2020.05.19"]
[Round "8"]
[White "zmeeed67"]
[Black "GM4life"]
[Result "1-0"]
[WhiteElo "2404"]
[BlackElo "2219"]
[TimeControl "180+1"]
[EndTime "13:36:07 PDT"]
[Termination "zmeeed67 won by resignation"]

1. d4 Nf6 2. c4 e6 3. Nc3 Bb4 4. f3 c5 5. d5 O-O 6. e4 d6 7.
Bd3 Nbd7 8. Ne2 Ne5 9. O-O exd5 10. cxd5 Nxd3 11. Qxd3 Re8 12. Bg5 h6 13. Bh4 g5 14.
Bf2 a6 15. a4 Qe7 16. h4 Kg7 17. hxg5 hxg5 18. Ng3 Qe5 19. Nd1 c4 20. Qxc4 Bc5 21. Bxc5 dxc5 22. Kf2 Rh8 23. Qc3 Qf4 24. Ne3 g4 25.
Rh1 Bd7 26. e5 gxf3 27. exf6+ Kg6 28. gxf3 Rae8 29. Qd3+ Kxf6 30. Rxh8 Rxh8 31. Qc3+ Ke7 32. Qxh8 Qd4 33. Qxd4 Bf5 34. Nexf5+ Kd7 35. Qxc5 1-0

[Event "*** Titled Tuesday Blitz"]
[Site "Chess.com"]
[Date "2020.05.19"]
[Round "8"]
[White "StephenDedalus83"]
[Black "gross-aleks"]
[Result "0-1"]
[WhiteElo "2747"]
[BlackElo "2599"]
[TimeControl "180+1"]
[EndTime "13:36:08 PDT"]
[Termination "gross-aleks won by resignation"]

1. e4 d6 2. d4 Nf6 3. Nc3 Nbd7 4. Nf3 e5 5. Bc4 Be7 6. O-O O-O 7. Re1 c6 8. a4 Qc7 9. h3 a5 10. b3 exd4 11. Nxd4 Nb6 12. Bd3 d5 13. e5 Ne8 14.
Bf4 Bb4 15. Bd2 g6 16. Kh1 Ng7 17. Nf3 f6 18. Nb1 Bxd2 19. Nbxd2 Nd7 20. exf6 Nxf6 21.
Qe2 Bd7 22. Qe5 Qxe5 23. Nxe5 Rae8 24. Nxd7 Nxd7 25. Kg1 Nc5 26. Bf1 Nf5 27. c3 Nd6 28.
f3 Kf7 29. b4 Rxe1 30. Rxe1 axb4 31. cxb4 Nxa4 32. Nb3 Re8 33. Ra1 Nb6 34. Nc5 Nbc8 35. Rc1 Ke7 36. Kf2 b6 37. Nb3 Kd7 38. Nd4 Ne7 39. h4 Rc8 40. g3 c5 41. Bh3+ Nef5 42. Nxf5 gxf5 43. bxc5 bxc5 44. g4 Kc6 45. gxf5 Rf8 46.
Ra1 c4 47. Ra6+ Kc5 48. Ra7 h5 49. Rh7 Nxf5 50. Rxh5 Nd4 51. Bg4 c3 52. Rh7 c2 53.
Rc7+ Nc6 0-1

[Event "*** Titled Tuesday Blitz"]
[Site "Chess.com"]
[Date "2020.05.19"]
[Round "8"]
[White "DanielDardha2005"]
[Black "plumalka"]
[Result "1-0"]
[WhiteElo "2644"]
[BlackElo "2479"]
[TimeControl "180+1"]
[EndTime "13:36:10 PDT"]
[Termination "DanielDardha2005 won by resignation"]

1. Nf3 c5 2. e4 d6 3. Bb5+ Bd7 4. Bxd7+ Qxd7 5. c4 e5 6. Nc3 g6 7. O-O Bg7 8. a3 Nc6 9. Rb1 a5 10. Nd5 Rb8 11. b4 axb4 12. axb4 Nge7 13. Nb6 Qd8 14. bxc5 dxc5 15. Ba3 Nb4 16. Qa4+ Nec6 17. Nd5 O-O 18. Bxb4 cxb4 19. Nxb4 Nd4 20. Nxd4 Qxd4 21. Qc2 Rbc8 22. Rfc1 f5 23. Nd5 Kh8 24. exf5 gxf5 25. Rxb7 Qg4 26. d3 Rc6 27. Qd1 Qg5 28. Ra1 Rg6 29. g3 e4 30. Raa7 f4 31. dxe4 fxg3 32. hxg3 h5 33. Rf7 Rxf7 34. Rxf7 Be5 35. Rf5 Qh6 36. Rxh5 1-0

[Event "*** Titled Tuesday Blitz"]
[Site "Chess.com"]
[Date "2020.05.19"]
[Round "8"]
[White "jeaston1"]
[Black "IAgrest"]
[Result "0-1"]
[WhiteElo "2402"]
[BlackElo "2270"]
[TimeControl "180+1"]
[EndTime "13:36:11 PDT"]
[Termination "IAgrest won on time"]

1. d4 Nf6 2. c4 g6 3. Nc3 Bg7 4. e4 d6 5. Nf3 O-O 6. Be2 Nbd7 7.
O-O e5 8. Kh1 c6 9. Be3 Re8 10. d5 Nf8 11. Qd2 Ng4 12. Bg5 f6 13.
Bh4 g5 14. Bg3 c5 15. h3 Nh6 16. Bd3 Ng6 17. Bh2 Nf4 18. Ne2 Rf8 19. Ng3 Nxd3 20. Qxd3 f5 21. exf5 Nxf5 22. Ne4 h6 23. Nfd2 Nd4 24.
Rab1 Bf5 25. b4 b6 26. bxc5 bxc5 27. Rb7 Rb8 28. Rfb1 Rxb7 29. Rxb7 Qa5 30. Qb1 Bg6 31. Qc1 Qxa2 32. Nxd6 Rxf2 33. Nf3 Nxf3 34. Rxg7+ Kxg7 0-1

[Event "*** Titled Tuesday Blitz"]
[Site "Chess.com"]
[Date "2020.05.19"]
[Round "8"]
[White "MikeSailer"]
[Black "Konek-Gorbunok"]
[Result "1/2-1/2"]
[WhiteElo "2088"]
[BlackElo "2271"]
[TimeControl "180+1"]
[EndTime "13:36:11 PDT"]
[Termination "Game drawn by repetition"]

1. d4 c5 2. Bf4 cxd4 3. Qxd4 Nc6 4. Qd2 e5 5. Bg3 d5 6. Nf3 f6 7. e3 Be6 8. Be2 Bc5 9. O-O Nge7 10. a3 O-O 11. b4 Bb6 12. Nc3 Rc8 13. Na4 Nf5 14.
Nxb6 Qxb6 15. Rfc1 Rfd8 16. Qe1 Nxg3 17. hxg3 Ne7 18.
Nd2 d4 19. exd4 Qxd4 20. Bd3 Qc3 21. Ne4 Qxe1+ 22. Rxe1 b6 23. Red1 Nd5 24. c4 Ne7 25. c5 Rd4 26. Nd6 Rd8 27. Bb5 bxc5 28. bxc5 Rxd1+ 29. Rxd1 Nf5 30. Kf1 Nxd6 31. cxd6 Kf7 32.
Ke2 Bd7 33. Bc4+ Be6 34. Bb5 Bd7 35. Bc4+ Be6 36. Bb5 1/2-1/2

[Event "*** Titled Tuesday Blitz"]
[Site "Chess.com"]
[Date "2020.05.19"]
[Round "8"]
[White "Kopytkin"]
[Black "Ashedu66"]
[Result "1-0"]
[WhiteElo "2323"]
[BlackElo "2127"]
[TimeControl "180+1"]
[EndTime "13:36:12 PDT"]
[Termination "Kopytkin won on time"]

1. e4 e5 2. Nf3 Nc6 3. d4 exd4 4. c3 dxc3 5. Nxc3 d6 6. Bc4 Nf6 7. Qb3 Qd7 8. Qc2 Be7 9. O-O O-O 10. Bf4 Nh5 11.
Be3 Qg4 12. Nd5 Bd8 13. h3 Qg6 14. Kh2 Ne5 15. Be2 c6 16. Nf4 Nxf4 17. Bxf4 Bf6 18. Nd2 Be6 19. Rad1 Rad8 20. b3 Bg5 21. Bxg5 Qxg5 22.
f4 Qf6 23. fxe5 Qxe5+ 24. Kh1 d5 25. exd5 Bxd5 26. Bf3 Rfe8 27. Bxd5 cxd5 28. Nf3 Qg3 29. Qf2 Qg6 30. Rfe1 h6 31. Qxa7 Qg3 32. Qg1 Ra8 33. a4 Red8 34. Rd2 Rac8 35. Red1 Rc3 36. Nd4 Re8 37. Qf2 Qg6 38. b4 1-0

[Event "*** Titled Tuesday Blitz"]
[Site "Chess.com"]
[Date "2020.05.19"]
[Round "8"]
[White "poummba"]
[Black "vovachesss"]
[Result "0-1"]
[WhiteElo "2459"]
[BlackElo "2616"]
[TimeControl "180+1"]
[EndTime "13:36:13 PDT"]
[Termination "vovachesss won on time"]

1. e4 e5 2. Bc4 d5 3. Bxd5 Nf6 4. Nc3 Bb4 5. Nf3 c5 6. O-O O-O 7. Nxe5 Nbd7 8. Nd3 Bxc3 9. dxc3 Nxd5 10. exd5 c4 11. Nf4 Nf6 12. Be3 Bf5 13. Re1 Qd7 14. f3 Rfd8 15. Bf2 h6 16. Qd4 b5 17. a4 Bxc2 18.
axb5 Qxb5 19. Rxa7 Rxa7 20. Qxa7 Nxd5 21. Nxd5 Rxd5 22.
Bd4 Rd7 23. Re8+ Kh7 24. Qa3 Qg5 25. Qf8 f6 26. h3 Bf5 27. Kh2 Qf4+ 28. Kh1 Bxh3 29.
gxh3 Qxf3+ 30. Kh2 Qf4+ 31. Kg2 Rd5 32. Qg8+ Kg6 33. Qxd5 Qd2+ 0-1

[Event "*** Titled Tuesday Blitz"]
[Site "Chess.com"]
[Date "2020.05.19"]
[Round "8"]
[White "cukin84"]
[Black "Omk124"]
[Result "1-0"]
[WhiteElo "2168"]
[BlackElo "2359"]
[TimeControl "180+1"]
[EndTime "13:36:13 PDT"]
[Termination "cukin84 won by resignation"]

1. e4 c5 2. Nc3 a6 3. f4 b5 4. Nf3 Bb7 5. d3 e6 6. g3 Nf6 7. Bg2 Be7 8. O-O O-O 9. Qe1 b4 10.
Nd1 d5 11. e5 Nfd7 12. Ne3 Nc6 13. h3 a5 14. g4 Nb6 15. Qg3 d4 16. Nd1 c4 17. Nf2 c3 18. b3 a4 19. bxa4 Rxa4 20. Ne4 Qa8 21. Rb1 Rxa2 22. Nfg5 Rxc2 23. f5 exf5 24.
gxf5 f6 25. Ne6 Rf7 26. exf6 Bf8 27. fxg7 Be7 28. f6 Bd8 29. Nd6 Na5 30. Nxb7 Nxb7 31. Bh6 Qc8 32. Bxb7 Qxe6 33. Be4 Rxf6 34. Rxf6 Bxf6 35.
Re1 b3 36. Qb8+ Nc8 37. Bd5 Qxd5 38. Qxc8+ Bd8 39. Re8+ Kf7 40. g8=Q+ Kf6 41. Rf8+ Ke5 42. Qf5+ Kd6 43. Qgxd5+ Kc7 44. Qfd7+ 1-0